AoeStats
← pierfranco.piccinni

Arena

510159013Analyzed
1v1 RM · 1d ago on Sep 29, 2026· 20m 57s· 2 players
Game mode
Random Map
Map size
Tiny (2 player)
Population
200
Speed
Normal
Resources
Standard
Victory
Conquest
Starting age
Dark Age
Ending age
Imperial Age
RankedLock teamsTeams togetherTeam positionsShared explorationLock speedFull tech treeHidden civsTurbo modeCheats
Victory
Defeat
🇩🇰 Portuguese · Denmark
649
+15
621
-15
pierfranco.piccinni
13:12 Feudal Age
17:36 Wheelbarrow
19:36 Castle Age
17:27 Horse Collar
17:55 Gold Mining
18:20 Double-Bit Axe
rook <3
9:50 Feudal Age
8:09 Loom
10:43 Horse Collar
14:51 Castle Age
13:14 Double-Bit Axe
19:40 Fletching
Connection lost

Rejoining the realm…

Still unreachable

The connection could not be restored.

Session expired

The server has moved on; the page needs a fresh start.